 Dungeon Crawl Stone Soup version 0.18-a0-1773-gec4f98e (webtiles) character file.

112 dobroeutro the Covered (level 4, -1/29 HPs)
             Began as a Gargoyle Fighter on Apr 14, 2016.
             Killed by divine providence
             ... invoked by an orc priest
              (12 damage)
             ... on level 3 of the Dungeon.
             The game lasted 00:02:36 (1825 turns).

dobroeutro the Covered (Gargoyle Fighter)           Turns: 1825, Time: 00:02:37

Health: -1/29      AC: 10    Str: 20    XL:     4   Next: 93%
Magic:  4/4        EV:  7    Int:  9    God:
Gold:   110        SH:  9    Dex:  9    Spells: 0 memorised, 3 levels left

rFire  . . .     SeeInvis .     a - +0 flail
rCold  . . .     Gourm    .     b - +0 scale mail
rNeg   + . .     Faith    .     c - +0 shield
rPois  ∞         Spirit   .     (no helmet)
rElec  +         Dismiss  +     (no cloak)
rCorr  .         Reflect  .     (no gloves)
SustAt .         Harm     .     (no boots)
MR     .....                    m - amulet of dismissal
Stlth  ..........               (no ring)
                                (no ring)

@: not resistant to hostile enchantments, extremely unstealthy
A: negative energy resistance 1, electricity resistance, unbreathing,
petrification resistance, rot immunity, AC +3
a: no special abilities


You were on level 3 of the Dungeon.
You were hungry.

You visited 1 branch of the dungeon, and saw 3 of its levels.

You collected 110 gold pieces.

Inventory:

Hand Weapons
 a - a +0 flail (weapon)
Armour
 b - a +0 scale mail (worn)
 c - a +0 shield (worn)
Jewellery
 m - an amulet of dismissal (around neck)
Scrolls
 g - a scroll of immolation {unknown}
 h - a scroll of remove curse {unknown}
 i - 2 scrolls of identify {unknown}
 s - a scroll of recharging {unknown}
Potions
 d - a potion of might
 e - 2 potions of flight {unknown}
 j - a potion of agility {unknown}
 k - a potion of berserk rage {unknown}
 n - a potion of magic {unknown}
 o - 2 potions of heal wounds {unknown}
 p - a potion of haste {unknown}
 q - a potion of lignification {unknown}
Comestibles
 f - 2 bread rations
 l - a slice of pizza
 r - 2 beef jerkies


   Skills:
 + Level 4.0 Fighting
 + Level 2.6 Maces & Flails
 + Level 4.4 Armour
 + Level 4.1 Shields


You had 3 spell levels left.
You didn't know any spells.

Dungeon Overview and Level Annotations

Branches:
Dungeon (3/15)

Altars:
Yredelemnul


Innate Abilities, Weirdness & Mutations

You are resistant to torment.
Your stone body is resilient (AC +3).
You are immune to poison.
You resist negative energy.
You are resistant to electric shocks.
You can survive without breathing.
You are immune to petrification.
You are immune to rotting.


Message History

The orc priest hits you with a mace.
You hit the orc priest.
The orc priest is moderately wounded.
The orc priest hits you but does no damage.
You block the orc's attack.
The orc priest hits you but does no damage.
You closely miss the orc priest.
The orc priest is moderately wounded.
The orc priest hits you but does no damage.
The orc closely misses you.
The orc priest casts a cantrip, but nothing happens.
The orc priest calls down the wrath of Beogh upon you.
Beogh smites you!
Ouch! That really hurt!
You block the orc's attack.
You hit the orc priest.
The orc priest is moderately wounded.
The orc priest invokes the aid of Beogh against you.
Beogh smites you!
You die...

+..........####
.. #.#####†...#
.. #..........#
..
...######...#
.. #...# ..
#.### #. #.# ..
#######.######.
#.
......o@o..<...
..
.######o######.
#. #h# #. #h#
#. #o# . #.#
#.# #.#


You could see 2 orc priests, 2 orcs and 2 jackals.

Vanquished Creatures
  An orc wizard (D:3)
  An adder (D:2)
  An ooze (D:3)
  2 worms
  2 dart slugs (D:1)
  A giant gecko (D:2)
  4 orcs (D:3)
  10 bats
  2 giant cockroaches
  3 hobgoblins
  2 jackals (D:3)
  10 kobolds
  6 giant newts
  5 goblins (D:2)
  7 rats
57 creatures vanquished.

Notes
Turn   | Place    | Note
--------------------------------------------------------------
     0 | D:1      | dobroeutro the Gargoyle Fighter began the quest for the Orb.
     0 | D:1      | Reached XP level 1. HP: 14/14 MP: 1/1
   365 | D:1      | Reached XP level 2. HP: 17/19 MP: 2/2
   790 | D:1      | Reached XP level 3. HP: 21/23 MP: 3/3
  1077 | D:2      | Found a basalt altar of Yredelemnul.
  1355 | D:2      | Reached XP level 4. HP: 26/29 MP: 4/4
  1825 | D:3      | Killed from afar by an orc priest

Vault maps used:
D:1:      sevenhm_arrival_forest_fort_small_5
D:2:      lemuel_upstairs_altar, yredelemnul_altar_generic
D:3:      first_bread

Skill      XL: |  1  2  3  4 |
---------------+-------------+-----
Armour         | 4 |  4.4
Fighting       | 4 |  4.0
Shields        | 4 |  4.1
Maces & Flails | |  2.6

Action                   |  1- 3 |  4- 6 || total
-------------------------+-------+-------++-------
Melee: Flail             |   171 |    70 ||   241
  Eat: Chunk             |       |     3 ||     3
Armor: Scale mail        |   114 |    29 ||   143
Dodge: Dodged            |    58 |    19 ||    77
Block: Shield            |    98 |    27 ||   125
